 Dungeon Crawl Stone Soup version 0.19-a0-1532-g228a5d9 (webtiles) character file.

605769 Leszczynek the Slayer (level 27, -3/266 HPs)
             Began as an Ogre Necromancer on Sept 11, 2016.
             Was the Champion of Hepliaklqana.
             Killed from afar by an orb of fire (28 damage)
             ... with a fireball
             ... on level 5 of the Realm of Zot on Sept 13, 2016.
             The game lasted 03:49:25 (51637 turns).

Leszczynek the Slayer (Ogre Necromancer)           Turns: 51637, Time: 03:49:26

Health: -3/266     AC: 21    Str: 26    XL:     27
Magic:  10/12      EV: 20    Int: 15    God:    Hepliaklqana [******]
Gold:   2038       SH: 28    Dex: 20    Spells: 11 memorised, 14 levels left

rFire  + + .     SeeInvis .     b - +5 demon whip "Spellbinder" {antimagic, MR+}
rCold  + + +     Gourm    .     s - +6 mottled dragon armour
rNeg   . . .     Faith    .     o - +3 large shield
rPois  +         Spirit   .     U - +2 hat
rElec  .         Dismiss  .     H - +2 cloak {MR+}
rCorr  .         Reflect  .     (gloves unavailable)
MR     ++++.     Harm     .     (boots unavailable)
Stlth  ..........               u - amulet "Iceciusa" {Regen+ Str+5 Dex+2 Stlth-}
                                q - ring "Toatum" {+Fly rPois rF+ rC++ Str-2}
                                X - ring "Jaabueh" {+Fly rF+ rC+ Slay+2}

@: about to teleport, very slightly contaminated, hasted, drained, very quick
A: unfitting armour, reduced essence, talons 1, large bone plates 1, agile 1,
regeneration 1, tough skin 1
a: Recall Ancestor, Ancestor Identity, Transference, Idealise, Renounce
Religion, Evoke Flight
0: Orb of Zot
}: 4/15 runes: decaying, slimy, silver, gossamer


You were on level 5 of the Realm of Zot.
You worshipped Hepliaklqana.
Hepliaklqana was exalted by your worship.
You were hungry.

You visited 11 branches of the dungeon, and saw 55 of its levels.
You visited 1 bazaar.
You also visited: Ossuary, Bailey and Ice Cave.

You collected 6454 gold pieces.
You spent 4416 gold pieces at shops.

Inventory:

Hand Weapons
 a - a +9 demon whip of electrocution
 b - the +5 demon whip "Spellbinder" (weapon) {antimagic, MR+}
   (You found it on level 5 of the Vaults)

   It reduces the magical energy of the wielder, and disrupts the spells and
   magical abilities of those hit.
   Natural abilities and divine invocations are not affected.
   It affects your resistance to hostile enchantments.
Missiles
 t - 75 large rocks (quivered)
 T - 5 throwing nets
Armour
 o - a +3 large shield (worn)
 s - a +6 mottled dragon armour (worn)
 H - a +2 cloak of magic resistance (worn)
 U - a +2 hat (worn)
Rods
 c - a -2 rod of ignition (14/14)
   (You found it on level 4 of the Spider Nest)
Jewellery
 e - an uncursed ring of resist corrosion
 p - an uncursed ring of see invisible
 q - the ring "Toatum" (right hand) {+Fly rPois rF+ rC++ Str-2}
   (You bought it in a shop on level 1 of the Depths)

   [ring of flight]

   It affects your strength (-2).
   It protects you from fire.
   It greatly protects you from cold.
   It protects you from poison.
   It lets you fly.
 u - the amulet "Iceciusa" (around neck) {Regen+ Str+5 Dex+2 Stlth-}
   (You found it on level 13 of the Dungeon)

   [amulet of regeneration]

   It affects your strength (+5).
   It affects your dexterity (+2).
   It increases your rate of regeneration.
   It makes you less stealthy.
 w - an uncursed ring of positive energy
 X - the ring "Jaabueh" (left hand) {+Fly rF+ rC+ Slay+2}
   (You took it off a deep elf death mage on level 3 of the Elven Halls)

   [ring of flight]

   It affects your accuracy and damage with ranged weapons and melee attacks
   (+2).
   It protects you from fire.
   It protects you from cold.
   It lets you fly.
Wands
 f - a wand of confusion (25/48)
 g - a wand of iceblast (11/15)
 n - a wand of digging (14/24)
 r - a wand of disintegration (8/24)
 x - a wand of heal wounds (5/9)
 B - a wand of teleportation (5/9)
 C - a wand of hasting (4/9)
 G - a wand of acid (8/15)
 Q - a wand of heal wounds (3/9)
 Z - a wand of enslavement (15/24)
Scrolls
 h - 8 scrolls of identify
 i - 9 scrolls of fog
 m - 23 scrolls of remove curse
 v - 7 scrolls of blinking
 y - 6 scrolls of teleportation
 z - 8 scrolls of fear
 A - 2 scrolls of summoning
 Y - 7 scrolls of recharging
Potions
 F - 6 potions of agility
 I - 26 potions of curing
 J - 5 potions of cure mutation
 K - 8 potions of might
 L - a potion of ambrosia
 M - 3 potions of invisibility
 N - 5 potions of cancellation
 R - 2 potions of resistance
Miscellaneous
 j - a lamp of fire
 V - 2 phantom mirrors
 W - 5 sacks of spiders
Comestibles
 d - 29 bread rations
 k - 25 meat rations
 O - a chunk of flesh


   Skills:
 - Level 21.0(20.1) Fighting
 - Level 20.0(19.1) Maces & Flails
 - Level 18.4(17.5) Throwing
 + Level 11.4(10.7) Armour
 - Level 15.3(14.5) Dodging
 - Level 1.5(0.9) Stealth
 - Level 15.0(14.2) Shields
 + Level 11.0(10.3) Spellcasting
 - Level 1.1(0.5) Hexes
 - Level 6.3(5.6) Charms
 - Level 10.1(9.4) Summonings
 - Level 6.0(5.3) Necromancy
 * Level 12.1(11.3) Translocations
 - Level 2.2(1.6) Transmutations
 - Level 4.2(3.6) Earth Magic
 - Level 12.1(11.4) Invocations
 - Level 8.5(7.8) Evocations


You had 14 spell levels left.
You knew the following spells:

 Your Spells              Type           Power        Failure   Level  Hunger
a - Apportation           Tloc           #####.....   1%          1    None
b - Animate Skeleton      Necr           N/A          1%          1    None
c - Control Undead        Necr           ###.......   17%         4    ###....
d - Summon Butterflies    Summ           #####...     1%          1    None
e - Aura of Abjuration    Summ           #####.....   10%         5    #####..
f - Summon Mana Viper     Hex/Summ       ###.....     47%         5    #####..
g - Blink                 Tloc           N/A          1%          2    None
h - Passwall              Tmut/Erth      ###.......   10%         2    None
i - Controlled Blink      Tloc           N/A          100%        8    #######
q - Regeneration          Chrm/Necr      ###.......   4%          3    None
w - Repel Missiles        Chrm/Air       ###...       10%         2    None


Dungeon Overview and Level Annotations

Branches:
Dungeon (15/15)            Temple (1/1) D:7            Lair (6/6) D:10
  Swamp (4/4) Lair:3       Spider (4/4) Lair:4        Slime (5/5) Lair:5
    Orc (2/2) D:12            Elf (3/3) Orc:2        Vaults (5/5) D:13
  Crypt (0/3) Vaults:3     Depths (5/5) D:15            Zot (5/5) Depths:5

Altars:
Ashenzari
Cheibriados
Dithmenos
Elyvilon
Fedhas
Gozag
Hepliaklqana
Kikubaaqudgha
Makhleb
Nemelex Xobeh
Okawaru
Qazlal
Ru
Sif Muna
Trog
Uskayaw
Vehumet
Xom
Yredelemnul
Zin
The Shining One
Jiyva

Shops:
D:12 =   D:13 *   D:14 *   Orc:2 :%:(%   Elf:1 [   Vaults:2 [   Vaults:3 [
Vaults:4 :[:*?   Depths:1 ?}=}

Portals:
Hell: Depths:1 Depths:2 Depths:3 Depths:4 Depths:5
Abyss: Depths:4 Depths:5
Pandemonium: Depths:3 Depths:4
Ziggurat: Depths:4

Annotations:
D:4 wight, mottled dragon, phantom
Lair:2 exclusions: 2 doors, hydra and 1 more exclusion
Lair:4 1 exclusion
Elf:2 3 runed doors
Vaults:3 Mennas


Innate Abilities, Weirdness & Mutations

You are too large for most types of armour.
You have tough skin. (AC +1)
Your life essence is reduced. (-10% HP)
You have sharp toenails.
You are partially covered in large bone plates. (SH +4)
You are agile. (Dex +2)
Your natural rate of healing is unusually fast.


Message History

You feel the Orb delaying your translocation!
The electric golem blinks!
The electric golem hurls lightning at you.
The bolt of lightning hits you!
* * * LOW HITPOINT WARNING * * *
The bolt of lightning misses the orb of fire.
You block the hell beast's attack. x2
Evoke which item? (* to show all) (? for menu, Esc to quit)
Zapping:
Q - a wand of heal wounds (4/9)
Press: ? - help, Shift-Dir - straight line, f - you You feel much better.
This wand has 3 charges left.
You block the hell beast's attack. x2
The electric golem hurls lightning at you.
The bolt of lightning hits you!
* * * LOW HITPOINT WARNING * * *
The bolt of lightning hits the orb of fire.
The orb of fire completely resists.
The Tzitzimitl is lost in a daze.
The orb of fire glows red.
The fireball explodes!
The fireball engulfs you! You resist.
You die...

.).....≈≈≈≈≈≈≈≈≈≈≈≈≈≈≈≈≈≈≈≈≈≈≈≈≈,
.......≈≈≈≈≈≈≈≈*#≈≈≈≈≈≈≈≈÷≈≈≈≈,,,
.......≈≈≈≈≈≈≈***#≈≈≈≈≈≈≈≈≈≈≈≈,,,
/...*D.≈≈≈≈≈≈≈#####≈≈<≈≈≈≈≈≈≈*,,,
§D..###≈≈≈≈≈≈≈..§...)≈≈≈≈≈≈≈#****
.D..# *≈≈≈≈≈≈≈###z1§.≈≈≈≈#...,,,,
..######≈≈8≈≈≈#§§§§..8≈≈##,,.,,,,
..........≈≈≈≈#*#2§......#,,,,,,,
......(<..≈≈≈##.@§.D.#...#,,,,,,,
...........≈#*#..)...'...#,,,,,,,
##.........####).)...#...#..,,,,,
#......*.(8..)..[))).......,,,,*
########▓▓▓▓########.########****
.......## #........8......# *
......^.## ##.............## **
.........## #.............# **,
..........# ##...........## *,,


You could see an orb of fire, 2 electric golems, a Tzitzimitl (dazed), a curse
toe (dazed), a hell beast and a friendly storm dragon.

Vanquished Creatures
  2 caustic shrikes (Depths:4)
  3 golden dragons
  Jory (Vaults:3)
  A hellephant (Zot:2)
  A lich (Depths:4)
  3 tentacled monstrosities
  5 Orb Guardians (Zot:5)
  A deep elf blademaster (Elf:3)
  A quicksilver dragon (Vaults:5)
  A titan (Vaults:5)
  3 deep elf master archers (Elf:3)
  10 acid blobs
  7 sphinxes
  2 thorn hunters
  7 tengu reavers
  Kirke (D:14)
  5 azure jellies (Slime:5)
  3 storm dragons
  A large abomination (Elf:1)
  6 fire giants
  3 draconian scorchers
  7 deep elf sorcerers
  3 iron dragons
  An orc warlord (Depths:5)
  A draconian knight (Zot:5)
  7 ghost moths
  4 frost giants
  9 vault wardens
  A draconian zealot (Zot:5)
  2 spriggan defenders (Depths:5)
  A draconian annihilator (Depths:5)
  A caustic shrike skeleton (Depths:3)
  4 ironheart preservers
  4 emperor scorpions
  15 very ugly things
  5 entropy weavers
  An entropy weaver (shapeshifter) (Vaults:5)
  5 deep elf elementalists (Elf:3)
  A war gargoyle (Vaults:3)
  8 stone giants
  10 deep elf demonologists
  2 black draconians
  2 mottled draconians
  2 green draconians
  3 spark wasps
  A purple draconian (Zot:3)
  A red draconian (Zot:5)
  2 white draconians (Zot:2)
  5 deep elf annihilators
  6 ettins
  6 deep elf death magi
  3 death oozes
  10 yaktaur captains
  3 deep elf high priests
  10 fire dragons
  10 great orbs of eyes
  2 ghost crabs
  Erolcha (D:11)
  18 vault guards
  A hell beast (Depths:3)
  8 ice dragons
  16 hydras
  4 spriggan air magi
  7 alligators
  9 dancing weapons
  7 death yaks
  10 centaur warriors
  3 deep troll shamans
  3 death knights
  5 tengu warriors
  11 ogre magi
  7 spriggan berserkers
  3 deep troll earth magi
  Urug (Lair:5)
  A shock serpent (shapeshifter) (Depths:5)
  12 hell knights
  16 deep elf knights
  A fire crab (Swamp:4)
  An iron troll (Depths:1)
  A fire crab (shapeshifter) (Depths:5)
  An unseen horror (D:12)
  A sixfirhy (Depths:4)
  A spriggan druid (Swamp:4)
  A shadow demon (Depths:4)
  10 deep trolls
  Pikel (D:7)
  10 deep elf archers
  3 giant orange brains
  6 swamp dragons
  2 flayed ghosts (Depths:4)
  6 hill giants
  A giant orange brain (shapeshifter) (Vaults:4)
  A harpy (shapeshifter) (Vaults:2)
  2 lindwurms (Swamp:4)
  6 necromancers
  4 phantasmal warriors
  9 ironbrand convokers
  A wizard (Depths:3)
  6 harpies
  12 orc knights
  51 deep elf magi
  10 orb spiders
  A wolf spider zombie (Vaults:1)
  A manticore (shapeshifter) (D:13)
  A stone giant zombie (Vaults:1)
  4 shining eyes
  3 orc sorcerers
  5 cyclopes
  4 manticores
  20 ugly things
  19 wolf spiders
  7 hornets
  7 griffons
  9 elephants
  10 moths of wrath
  An ice statue (IceCv)
  18 spiny frogs
  Joseph (D:7)
  13 vault sentinels
  A molten gargoyle (Swamp:4)
  A gargoyle (D:12)
  A torpor snail (Spider:4)
  2 centaur skeletons
  Psyche (D:11)
  A black mamba (Lair:2)
  A spiny frog (shapeshifter) (D:14)
  5 freezing wraiths
  6 demonic crawlers
  2 frost giant skeletons (Depths:3)
  4 komodo dragons
  3 yaktaurs (shapeshifter)
  A rime drake (shapeshifter) (Vaults:4)
  A rime drake (Lair:5)
  2 kobold demonologists
  An ice devil (Depths:4)
  21 yaktaurs
  2 hellwings (Depths:4)
  4 tengu conjurers
  A queen bee (shapeshifter) (Elf:2)
  A meliai (shapeshifter) (Vaults:5)
  A red devil (Zot:5)
  6 trolls
  24 two-headed ogres
  21 jumping spiders
  A wind drake (shapeshifter) (Vaults:3)
  4 polar bears (Lair:6)
  A jumping spider (shapeshifter) (Vaults:1)
  3 giant leeches
  16 slime creatures
  A dream sheep (shapeshifter) (Depths:1)
  4 boulder beetles
  3 bog bodies
  7 dream sheep
  8 blink frogs
  22 tarantellas
  3 vampires (D:14)
  4 air elementals
  48 redbacks
  18 spriggans
  2 water elementals
  A tarantella (shapeshifter) (Vaults:3)
  A wraith (D:15)
  46 yaks
  A wyvern (shapeshifter) (Vaults:4)
  2 wyverns (D:13)
  A human (shapeshifter) (Depths:2)
  3 basilisks
  2 hogs (D:14)
  A golden eye (Slime:5)
  A chaos spawn (Depths:4)
  A hungry ghost (D:15)
  25 vampire mosquitoes
  2 human simulacra
  A neqoxec (Zot:5)
  4 hippogriffs
  A soldier ant (D:13)
  A warg (Vaults:4)
  11 insubstantial wisps
  10 swamp worms
  6 mottled dragons
  2 water moccasins
  A hydra simulacrum (Zot:2)
  A porcupine (Lair:1)
  A hell hound (Depths:3)
  A giant eyeball (shapeshifter) (Depths:3)
  4 giant eyeballs
  An ettin simulacrum (Vaults:2)
  8 swamp drakes
  30 orc warriors
  6 ice beasts
  4 phantoms
  A sky beast (D:13)
  2 black bears
  14 wasps
  A black bear (shapeshifter) (Vaults:5)
  5 eyes of draining
  2 boggarts (Lair:6)
  An orc zombie (Vaults:1)
  44 ogres
  A wolf (shapeshifter) (Vaults:4)
  21 wolves
  20 centaurs
  6 crocodiles
  5 big kobolds
  11 giant frogs
  3 earth elementals
  6 scorpions
  A water moccasin skeleton (D:8)
  7 killer bees
  3 howler monkeys
  10 wights
  2 electric eels (Spider:1)
  11 crimson imps
  3 giant frog zombies
  3 centaur zombies
  A quasit (D:11)
  3 jellies
  12 orc priests
  3 hounds
  9 orc wizards
  9 iguanas
  15 worker ants
  3 ogre zombies (Ossuary)
  6 mummies (Ossuary)
  A howler monkey zombie (D:4)
  3 worker ant zombies
  8 adders
  24 river rats
  3 shadow imps
  2 white imps (Depths:4)
  2 ufetubi (Depths:4)
  6 adder zombies
  An adder skeleton (D:4)
  5 worms
  4 dart slugs
  4 giant geckos
  86 orcs
  5 bats
  18 giant cockroaches
  10 goblins
  5 hobgoblins
  20 jackals
  22 kobolds
  3 quokkas
  A ball python (D:4)
  6 giant newts
  4 goblin zombies (Ossuary)
  2 hobgoblin zombies (Ossuary)
  A jackal zombie (D:7)
  4 kobold zombies (Ossuary)
  A quokka zombie (Ossuary)
  8 rats
  3 rat zombies (Ossuary)
  A briar patch (Swamp:2)
  4 crawling corpses
  A plant (D:10)
1591 creatures vanquished.

Vanquished Creatures (collateral kills)
  the Royal Jelly (Slime:5)
  An ancient lich (Zot:5)
  Sojobo (Vaults:2)
  A shard shrike (Zot:2)
  Saint Roka (Depths:5)
  Margery (Depths:5)
  4 golden dragons
  A Killer Klown (Zot:5)
  Nikola (Swamp:4)
  Arachne (Spider:2)
  4 tentacled monstrosities
  17 Orb Guardians (Zot:5)
  A lich (Depths:4)
  4 acid blobs
  A quicksilver dragon (Depths:5)
  4 titans
  A deep elf blademaster (Elf:3)
  A deep elf master archer (Elf:3)
  A death cob (Zot:5)
  5 tengu reavers
  3 shadow dragons
  2 storm dragons (Vaults:5)
  4 fire giants
  A frost giant (Vaults:5)
  2 draconian knights
  Aizul (Elf:1)
  An emperor scorpion (Spider:4)
  4 deep elf sorcerers (Elf:3)
  3 draconian scorchers
  4 vault wardens
  A deep elf elementalist (Elf:3)
  2 spriggan defenders (Depths:5)
  3 war gargoyles
  4 stone giants
  4 entropy weavers
  11 very ugly things
  4 ironheart preservers
  A black draconian (Zot:5)
  A dire elephant (D:15)
  A green draconian (Zot:5)
  4 vampire knights
  A deep elf demonologist (Elf:3)
  2 spark wasps (Depths:5)
  2 white draconians (Zot:5)
  9 deep elf annihilators
  2 red draconians (Zot:2)
  A purple draconian (Zot:5)
  5 deep elf death magi
  5 ettins
  7 deep elf high priests
  2 death oozes (Slime:5)
  4 fire dragons
  8 yaktaur captains
  6 great orbs of eyes
  6 ice dragons
  3 ogre magi
  4 spriggan air magi
  2 rakshasas
  6 hydras
  14 vault guards
  3 centaur warriors
  A death knight (Vaults:5)
  3 alligators
  A deep troll shaman (Depths:5)
  5 dancing weapons
  3 tengu warriors (Depths:4)
  3 vampire magi
  3 spriggan berserkers (Depths:5)
  2 hell knights
  A shock serpent (shapeshifter) (Vaults:5)
  2 iron trolls
  16 deep elf knights
  2 shadow wraiths (Vaults:1)
  An unseen horror (shapeshifter) (Vaults:3)
  A swamp dragon (Swamp:1)
  2 deep trolls
  A giant orange brain (Depths:4)
  2 unseen horrors
  16 deep elf archers
  A wizard (Vaults:3)
  A flayed ghost (Depths:5)
  A shambling mangrove (Swamp:1)
  A large abomination (Elf:1)
  A necromancer (Depths:4)
  3 hill giants
  4 hornets
  3 phantasmal warriors
  7 harpies
  A stone giant zombie (Vaults:1)
  3 griffons
  7 orb spiders
  7 orc knights
  16 deep elf magi
  An ironbrand convoker (Vaults:4)
  6 wolf spiders
  A shining eye (Slime:3)
  A manticore (Depths:3)
  4 moths of wrath
  15 ugly things
  4 cyclopes
  An octopode (shapeshifter) (Vaults:5)
  3 elephants (Lair:6)
  5 vault sentinels
  An ice statue (IceCv)
  A black mamba (Lair:4)
  A spiny frog (Lair:3)
  A rime drake (Lair:6)
  3 komodo dragons
  A kobold demonologist (D:15)
  3 freezing wraiths
  20 yaktaurs
  2 tengu conjurers
  5 demonic crawlers
  2 small abominations
  4 trolls
  A merfolk (D:15)
  17 jumping spiders
  A blink frog (Lair:6)
  9 two-headed ogres
  A giant leech (Lair:3)
  14 slime creatures
  3 bog bodies
  4 dream sheep
  2 boulder beetles
  22 redbacks
  13 spriggans
  An air elemental (Depths:4)
  2 water elementals
  A shadow (D:15)
  A tarantella (shapeshifter) (Depths:4)
  8 tarantellas
  16 yaks
  A wraith (Vaults:5)
  2 fire elementals
  A hog (D:14)
  A hippogriff (D:13)
  2 basilisks
  A steam dragon (Swamp:4)
  2 vampire mosquitoes
  A mottled dragon (Swamp:4)
  4 swamp worms
  A warg (Orc:1)
  4 insubstantial wisps
  A hell hound (Depths:3)
  2 water moccasins
  2 swamp drakes (Swamp:4)
  2 sky beasts (D:8)
  A black bear (Lair:6)
  An eye of draining (Slime:1)
  4 ice beasts
  A slave (D:7)
  10 wasps
  16 orc warriors
  23 ogres
  8 centaurs
  2 wolves
  3 crocodiles
  A big kobold (D:9)
  3 giant frogs
  An earth elemental (Elf:3)
  A wyvern skeleton (D:10)
  A water moccasin skeleton (D:5)
  2 killer bees (Lair:2)
  4 wights (D:7)
  4 electric eels
  The ghost of Leszczynek the Insei, a weakling DEMo (D:4)
  2 centaur zombies
  A human simulacrum (Vaults:1)
  4 hounds
  A giant frog skeleton (D:5)
  4 orc priests
  A jelly (D:15)
  3 worker ants
  7 orc wizards
  A hound skeleton (D:4)
  A mummy (Ossuary)
  2 adders
  2 river rats (Lair:3)
  36 orcs
  A goblin (D:8)
  2 hobgoblins (D:2)
  8 kobolds
  A bat (D:2)
  A goblin zombie (Ossuary)
  A rat zombie (Ossuary)
  A crawling corpse (Vaults:5)
  2 fungi
723 creatures vanquished.

Vanquished Creatures (others)
  An ice dragon (Vaults:3)
  2 hydras (Swamp:4)
  A centaur warrior (D:12)
  2 swamp dragons (Swamp:4)
  A moth of wrath (Zot:5)
  A deep elf mage (Elf:1)
  2 slime creatures (Swamp:4)
  A giant leech (Swamp:4)
  A water elemental (Elf:1)
  A human (D:14)
  A mottled dragon (Swamp:4)
  A spatial vortex (Zot:5)
  7 swamp drakes (Swamp:4)
  A slave (D:7)
  An ogre (Vaults:1)
  A wight (D:7)
  30 battlemagi
  An orc wizard (Depths:5)
  A worker ant (D:7)
  An ancestor (D:7)
  A giant gecko (D:7)
  An orc (Orc:2)
  5 briar patches (Swamp:4)
  A fungus (Lair:2)
  A plant (Lair:6)
67 creatures vanquished.

Grand Total: 2381 creatures vanquished

Notes
Turn   | Place    | Note
-------+----------+-------------------------------------------
     0 | D:1      | Leszczynek the Ogre Necromancer began the quest for the Orb.
     0 | D:1      | Reached XP level 1. HP: 16/16 MP: 3/3
     2 | D:1      | Learned a level 1 spell: Animate Skeleton
    37 | D:1      | Reached skill level 1 in Fighting
    78 | D:1      | Reached skill level 2 in Fighting
    78 | D:1      | Reached XP level 2. HP: 19/28 MP: 0/5
   380 | D:1      | Reached skill level 3 in Fighting
   532 | D:2      | Reached XP level 3. HP: 14/37 MP: 4/6
   986 | D:2      | Reached skill level 4 in Fighting
  1019 | D:2      | Reached skill level 1 in Maces & Flails
  1183 | D:1      | Reached XP level 4. HP: 41/48 MP: 0/7
  1407 | D:1      | Reached skill level 2 in Maces & Flails
  2323 | D:2      | Reached skill level 3 in Maces & Flails
  2779 | D:3      | Reached XP level 5. HP: 31/54 MP: 8/8
  2819 | D:3      | i can't even rest to full because there are new monsters spawning
  3003 | D:3      | Reached skill level 4 in Maces & Flails
  3265 | D:4      | Found a large runed door.
  3266 | D:4      | Found a large runed door.
  3458 | D:4      | Found a large runed door.
  3458 | D:4      | Found a large runed door.
  3474 | D:4      | Noticed Leszczynek's ghost (weakling DEMo)
  3917 | D:4      | Noticed a phantom
  3917 | D:4      | Noticed a mottled dragon
  3924 | D:5      | Entered Level 5 of the Dungeon
  3941 | D:5      | Reached skill level 5 in Maces & Flails
  4151 | D:5      | Noticed an ogre
  4154 | D:5      | Noticed a centaur
  4170 | D:5      | Reached XP level 6. HP: 40/62 MP: 9/9
  4172 | D:5      | Reached skill level 6 in Maces & Flails
  4190 | D:5      | Learned a level 3 spell: Regeneration
  4381 | D:5      | Noticed a hippogriff
  4566 | D:6      | Reached skill level 7 in Maces & Flails
  4614 | D:6      | Reached XP level 7. HP: 43/70 MP: 10/10
  4950 | D:6      | Reached skill level 8 in Maces & Flails
  5280 | D:6      | Reached skill level 9 in Maces & Flails
  5821 | D:6      | Reached skill level 10 in Maces & Flails
  5849 | D:6      | Reached XP level 8. HP: 28/78 MP: 11/11
  6090 | D:6      | Noticed a troll
  6091 | D:6      | this fucking game
  6119 | D:7      | i just keep running deeper and deeper
  6140 | D:7      | Gained mutation: You are partially covered in large bone plates. (SH +4) [potion of beneficial mutation]
  6444 | D:7      | Reached skill level 1 in Shields
  6650 | D:7      | Reached skill level 2 in Shields
  6789 | D:7      | Noticed a spriggan baker
  6817 | D:7      | Killed a spriggan baker
  6817 | D:7      | Reached skill level 3 in Shields
  7077 | D:7      | Found a staircase to the Ecumenical Temple.
  7106 | Temple   | Entered the Ecumenical Temple
  7284 | Temple   | Became a worshipper of Hepliaklqana
  7301 | D:7      | Reached skill level 4 in Shields
  7352 | D:7      | Noticed Joseph
  7399 | D:7      | Killed Joseph
  7399 | D:7      | Reached skill level 5 in Shields
  7399 | D:7      | Reached XP level 9. HP: 13/75 MP: 12/12
  7736 | D:7      | Noticed Pikel
  7749 | D:7      | Killed Pikel
  7749 | D:7      | Reached skill level 5 in Fighting
  7749 | D:7      | Reached skill level 11 in Maces & Flails
  7749 | D:7      | Reached skill level 6 in Shields
  8700 | D:5      | Reached skill level 12 in Maces & Flails
  8736 | D:4      | Killed Leszczynek's ghost
  8934 | D:4      | Reached skill level 6 in Fighting
  9307 | D:4      | Reached * piety under Hepliaklqana
 10046 | D:5      | Reached XP level 10. HP: 57/90 MP: 13/13
 10067 | D:5      | Reached skill level 13 in Maces & Flails
 10067 | D:5      | Reached skill level 7 in Shields
 10367 | D:6      | Reached ** piety under Hepliaklqana
 10368 | D:6      | Remembered your ancestor Tiberius as a battlemage
 10573 | D:8      | Identified a scroll of acquirement
 10576 | D:8      | noice
 10599 | D:8      | Reached skill level 7 in Fighting
 10725 | D:8      | Reached skill level 2 in Dodging
 10757 | D:8      | Reached skill level 3 in Dodging
 10876 | D:8      | Found a sand-covered staircase.
 10883 | Ossuary  | Entered an ossuary
 11258 | D:8      | Found a flagged portal.
 11267 | Bailey   | Entered a bailey
 11522 | Bailey   | Noticed an orc knight
 11561 | Bailey   | Reached skill level 8 in Fighting
 11563 | Bailey   | Reached skill level 4 in Dodging
 11901 | Bailey   | Noticed an orc knight
 11901 | Bailey   | Noticed an orc knight
 11953 | Bailey   | Killed an orc knight
 12038 | Bailey   | Killed an orc knight
 12038 | Bailey   | Reached skill level 5 in Dodging
 12038 | Bailey   | Reached skill level 8 in Shields
 12083 | Bailey   | Killed an orc knight
 12083 | Bailey   | Reached XP level 11. HP: 78/101 MP: 14/14
 12097 | Bailey   | Noticed an orc knight
 12105 | Bailey   | Killed an orc knight
 12105 | Bailey   | Reached skill level 9 in Fighting
 12347 | D:8      | Reached *** piety under Hepliaklqana
 12716 | D:8      | Reached skill level 6 in Dodging
 12847 | D:9      | Reached skill level 1 in Throwing
 13081 | D:9      | Found a glowing golden altar of the Shining One.
 13195 | D:9      | Found a shimmering altar of Xom.
 13476 | D:10     | Entered Level 10 of the Dungeon
 13477 | D:10     | Reached skill level 2 in Throwing
 13530 | D:10     | Found a staircase to the Lair.
 13530 | D:10     | Reached **** piety under Hepliaklqana
 13677 | D:10     | Noticed a manticore
 13694 | D:10     | Killed a manticore
 13694 | D:10     | Reached skill level 3 in Throwing
 13894 | D:10     | Reached skill level 4 in Throwing
 13894 | D:10     | Reached skill level 7 in Dodging
 14109 | D:10     | Noticed a hill giant
 14142 | D:10     | Killed a hill giant
 14142 | D:10     | Reached skill level 10 in Fighting
 14295 | D:10     | Noticed a hill giant
 14302 | D:10     | Killed a hill giant
 14302 | D:10     | Reached skill level 5 in Throwing
 14584 | D:10     | Noticed a manticore
 14645 | D:11     | Reached XP level 12. HP: 107/113 MP: 15/15
 14674 | D:11     | Reached skill level 6 in Throwing
 14745 | Lair:1   | Entered Level 1 of the Lair of Beasts
 14828 | Lair:1   | Reached ***** piety under Hepliaklqana
 15006 | Lair:1   | Reached skill level 8 in Dodging
 15237 | Lair:1   | Reached skill level 7 in Throwing
 15237 | Lair:1   | Reached skill level 9 in Shields
 16200 | Lair:2   | Noticed a seven-headed hydra
 16293 | Lair:2   | Reached skill level 1 in Invocations
 16447 | Lair:2   | Learned a level 4 spell: Control Undead
 16497 | Lair:2   | Reached skill level 2 in Invocations
 16605 | Lair:2   | Noticed a six-headed hydra
 16614 | Lair:2   | Killed a six-headed hydra
 16614 | Lair:2   | Reached skill level 8 in Throwing
 16773 | Lair:2   | Reached skill level 3 in Invocations
 17158 | Lair:3   | Found a staircase to the Swamp.
 17170 | Lair:3   | Reached skill level 1 in Armour
 17172 | Lair:3   | Reached ****** piety under Hepliaklqana
 17427 | Lair:3   | Reached skill level 4 in Invocations
 17592 | Lair:4   | Noticed a five-headed hydra
 17596 | Lair:4   | Killed a five-headed hydra
 17600 | Lair:4   | Reached skill level 5 in Invocations
 17682 | Lair:4   | Reached skill level 2 in Armour
 17711 | Lair:4   | Reached skill level 9 in Dodging
 17711 | Lair:4   | Reached XP level 13. HP: 113/119 MP: 15/17
 17753 | Lair:4   | Found a hole to the Spider Nest.
 17784 | Lair:4   | Reached skill level 6 in Invocations
 18258 | Lair:5   | Found a staircase to the Slime Pits.
 18258 | Lair:5   | Found a viscous altar of Jiyva.
 18273 | Lair:5   | Reached skill level 3 in Armour
 18294 | Lair:5   | Noticed Urug
 18304 | Lair:5   | Killed Urug
 18304 | Lair:5   | Reached skill level 7 in Invocations
 18824 | Lair:5   | Reached skill level 8 in Invocations
 18872 | Lair:5   | Reached skill level 11 in Fighting
 19313 | Lair:6   | Entered Level 6 of the Lair of Beasts
 19419 | Lair:6   | Reached skill level 12 in Fighting
 19687 | Lair:6   | Reached XP level 14. HP: 135/135 MP: 20/20
 19705 | Lair:6   | Reached skill level 10 in Shields
 19838 | Lair:6   | Reached skill level 14 in Maces & Flails
 19849 | Lair:6   | Reached skill level 10 in Dodging
 20383 | Lair:6   | Reached skill level 1 in Evocations
 20396 | Lair:6   | Reached skill level 5 in Evocations
 20396 | Lair:6   | Reached XP level 15. HP: 142/142 MP: 21/21
 20695 | Lair:6   | Reached skill level 13 in Fighting
 21011 | D:11     | Reached skill level 6 in Evocations
 21052 | D:11     | Noticed Psyche
 21057 | D:11     | Killed Psyche
 21215 | D:11     | Noticed Erolcha
 21219 | D:11     | Killed Erolcha
 21781 | D:12     | Noticed a tengu reaver
 21789 | D:12     | Killed a tengu reaver
 21789 | D:12     | Reached skill level 7 in Evocations
 21827 | D:12     | Found Teny's Jewellery Shoppe.
 21835 | D:12     | Bought a +4 ring of evasion for 504 gold pieces
 21838 | D:12     | Bought a +2 amulet of reflection for 350 gold pieces
 21856 | D:12     | and these AC/EV/SH are good enough to do 15 runes
 21948 | D:12     | Noticed a tengu reaver
 22039 | D:12     | Reached skill level 11 in Shields
 22303 | D:12     | Identified the Papyrus of Stolen Souls
 22498 | D:12     | Found a staircase to the Orcish Mines.
 22551 | D:13     | Reached skill level 1 in Charms
 22607 | Orc:1    | Entered Level 1 of the Orcish Mines
 22688 | Orc:2    | Entered Level 2 of the Orcish Mines
 22702 | Orc:2    | Reached XP level 16. HP: 153/153 MP: 22/22
 22955 | Orc:2    | Reached skill level 8 in Evocations
 23023 | Orc:2    | Found Losuf's Antique Weapon Boutique.
 23025 | Orc:2    | Found a staircase to the Elven Halls.
 23025 | Orc:2    | Found Ottiesuw's Food Shop.
 23026 | Orc:2    | Found Hutuock's Book Emporium.
 23037 | Orc:2    | Reached skill level 2 in Charms
 23119 | Orc:2    | Found Onanaity's Food Shop.
 23205 | Orc:2    | Found Tuokud's Book Shoppe.
 23757 | D:13     | Found Xyacsy's Assorted Antiques.
 23769 | D:13     | Bought a scroll of identify for 64 gold pieces
 23834 | D:13     | Found a blossoming altar of Fedhas.
 23896 | D:13     | Got a steaming iron amulet
 23897 | D:13     | Identified the amulet "Iceciusa" {Regen+ Str+5 Dex+2 Stlth-} (You found it on level 13 of the Dungeon)
 24110 | D:13     | Found a gate to the Vaults.
 24226 | D:13     | Found a sacrificial altar of Ru.
 24704 | D:14     | Noticed Kirke
 24715 | D:14     | Noticed a sphinx
 24717 | D:14     | Killed Kirke
 24717 | D:14     | Reached skill level 9 in Throwing
 24717 | D:14     | Reached skill level 3 in Charms
 24888 | D:14     | Found Laippequ's Blood Bar.
 25441 | D:15     | Entered Level 15 of the Dungeon
 25476 | D:15     | Found a frozen archway.
 25494 | IceCv    | Entered an ice cave
 25827 | D:15     | Reached skill level 10 in Throwing
 26159 | D:15     | Reached skill level 12 in Shields
 26288 | D:15     | Found a staircase to the Depths.
 26546 | Swamp:1  | Entered Level 1 of the Swamp
 26556 | Lair:3   | Reached skill level 14 in Fighting
 26794 | Swamp:1  | Reached skill level 4 in Charms
 27154 | Swamp:2  | Reached XP level 17. HP: 163/163 MP: 23/23
 27605 | Swamp:1  | Reached skill level 3 in Necromancy
 27789 | Swamp:2  | Reached skill level 15 in Fighting
 28135 | Swamp:3  | Reached skill level 16 in Fighting
 28304 | Swamp:3  | Reached skill level 17 in Fighting
 28374 | Swamp:4  | Entered Level 4 of the Swamp
 28570 | Swamp:4  | Reached skill level 18 in Fighting
 28922 | Swamp:4  | Reached skill level 19 in Fighting
 29133 | Swamp:4  | Reached skill level 20 in Fighting
 29379 | Swamp:4  | Noticed Nikola
 29390 | Swamp:4  | Killed Nikola
 29573 | Swamp:4  | Reached skill level 21 in Fighting
 29620 | Swamp:4  | Got a decaying rune of Zot
 29745 | Spider:1 | Entered Level 1 of the Spider Nest
 29760 | Spider:1 | Reached skill level 11 in Throwing
 29957 | Spider:2 | Noticed Arachne
 29974 | Spider:2 | Killed Arachne
 30048 | Spider:2 | Gained mutation: Your natural rate of healing is unusually fast. [potion of beneficial mutation]
 30288 | Spider:4 | Entered Level 4 of the Spider Nest
 30297 | Spider:4 | Reached XP level 18. HP: 191/193 MP: 24/24
 30485 | Spider:1 | Reached skill level 4 in Necromancy
 30577 | Spider:3 | Reached skill level 12 in Throwing
 30768 | Spider:4 | Reached skill level 15 in Maces & Flails
 31010 | Spider:4 | Upgraded the game from 0.19-a0-1511-g16f215b to 0.19-a0-1513-gf6d23ed
 31128 | Spider:4 | Reached skill level 5 in Necromancy
 31179 | Spider:4 | Reached skill level 13 in Shields
 31335 | Spider:4 | Reached skill level 16 in Maces & Flails
 31439 | Spider:4 | Got a gossamer rune of Zot
 31624 | Spider:4 | Identified a -2 rod of ignition (14/14) (You found it on level 4 of the Spider Nest)
 32120 | Spider:3 | Learned a level 1 spell: Apportation
 32122 | Spider:3 | Learned a level 1 spell: Summon Butterflies
 32195 | Spider:3 | Learned a level 5 spell: Aura of Abjuration
 32201 | Spider:3 | Learned a level 5 spell: Summon Mana Viper
 32735 | Spider:1 | Reached skill level 17 in Maces & Flails
 32910 | Spider:1 | Reached XP level 19. HP: 180/200 MP: 25/25
 33314 | D:13     | Reached skill level 6 in Necromancy
 33329 | Vaults:1 | Entered Level 1 of the Vaults
 33881 | Vaults:1 | Reached skill level 18 in Maces & Flails
 33951 | Vaults:1 | Reached skill level 4 in Armour
 34009 | Vaults:1 | Reached skill level 5 in Charms
 34407 | Vaults:1 | Reached skill level 5 in Armour
 34578 | Vaults:2 | oops
 34823 | Vaults:2 | Found Bulyecw's Antique Armour Emporium.
 34911 | Vaults:2 | Reached skill level 6 in Armour
 35036 | Vaults:2 | Reached skill level 14 in Shields
 35065 | Vaults:2 | Reached skill level 6 in Charms
 35204 | Vaults:2 | Noticed Sojobo
 35205 | Vaults:2 | crap
 35444 | Vaults:2 | Killed Sojobo
 35446 | Vaults:2 | Reached skill level 7 in Armour
 35684 | Vaults:2 | Reached XP level 20. HP: 170/210 MP: 26/26
 35886 | Vaults:3 | uh
 35896 | Vaults:3 | Reached skill level 3 in Spellcasting
 35898 | Vaults:3 | Noticed Jory
 35904 | Vaults:3 | uh huh
 36088 | Vaults:3 | Reached skill level 4 in Spellcasting
 36135 | Vaults:3 | Reached skill level 11 in Dodging
 36253 | Vaults:3 | Reached skill level 5 in Spellcasting
 36334 | Vaults:3 | Found Fuomnaho's Armour Shop.
 36335 | Vaults:3 | really
 36368 | Vaults:3 | Gained mutation: You are agile. (Dex +2) [potion of beneficial mutation]
 36468 | Vaults:3 | Killed Jory
 36648 | Vaults:3 | Found a staircase to the Crypt.
 36702 | Vaults:3 | Reached skill level 6 in Spellcasting
 37116 | Vaults:3 | Noticed Mennas
 37117 | Vaults:3 | of course
 37117 | Vaults:3 | what was i even thinking
 37182 | Vaults:4 | Found Nuuxiz's Book Shoppe.
 37182 | Vaults:4 | Found Ipuopaq's General Store.
 37186 | Vaults:4 | Bought a potion of curing for 42 gold pieces
 37186 | Vaults:4 | Bought a scroll of fog for 28 gold pieces
 37186 | Vaults:4 | Bought a scroll of identify for 28 gold pieces
 37186 | Vaults:4 | Bought a potion of curing for 42 gold pieces
 37195 | Vaults:4 | Found Pisibo Ykai's Book Boutique.
 37196 | Vaults:4 | Bought a book of Minor Magic for 340 gold pieces
 37202 | Vaults:4 | Learned a level 2 spell: Repel Missiles
 37205 | Vaults:4 | Learned a level 2 spell: Blink
 37276 | Vaults:4 | Reached skill level 1 in Translocations
 37401 | Vaults:4 | Reached skill level 15 in Shields
 37430 | Vaults:4 | Reached skill level 13 in Throwing
 37500 | Vaults:4 | Reached XP level 21. HP: 216/216 MP: 30/30
 37538 | Vaults:4 | Gained mutation: You have sharp toenails. [potion of beneficial mutation]
 37777 | Vaults:4 | Found Kyfilept's Antique Armour Shop.
 37784 | Vaults:4 | Reached skill level 2 in Translocations
 37798 | Vaults:4 | Bought a slimy cloak for 484 gold pieces
 37798 | Vaults:4 | Bought a transparent cloak for 484 gold pieces
 37808 | Vaults:4 | Identified the +0 cloak of the Sailor {MP+9 Str+2 Int+2} (You bought it in a shop on level 4 of the Vaults)
 37820 | Vaults:4 | Identified the cursed +0 cloak of Ollaes {rC++} (You bought it in a shop on level 4 of the Vaults)
 38571 | Vaults:4 | Found Ekainat's Magic Scroll Shoppe.
 38576 | Vaults:4 | Bought a scroll of blinking for 105 gold pieces
 38576 | Vaults:4 | Bought a scroll of fear for 49 gold pieces
 38576 | Vaults:4 | Bought a scroll of enchant weapon for 105 gold pieces
 38902 | Depths:1 | Entered Level 1 of the Depths
 38903 | Depths:1 | Upgraded the game from 0.19-a0-1513-gf6d23ed to 0.19-a0-1532-g228a5d9
 38929 | Depths:1 | Reached skill level 1 in Summonings
 39004 | Depths:1 | Reached skill level 9 in Invocations
 39220 | Depths:1 | Reached skill level 14 in Throwing
 39263 | Depths:1 | Found a gateway to Hell.
 39362 | Depths:1 | Reached skill level 2 in Summonings
 39417 | Depths:1 | Found Dazxoum's Gadget Shoppe.
 39417 | Depths:1 | Found Qocuudum's Jewellery Boutique.
 39418 | Depths:1 | Found Entitauv's Gadget Shoppe.
 39425 | Depths:1 | Bought the ring "Toatum" {+Fly rPois rF+ rC++ Str-2} for 833 gold pieces
 39438 | Depths:1 | Bought an uncursed ring of see invisible for 255 gold pieces
 39706 | Elf:1    | Entered Level 1 of the Elven Halls
 40141 | Elf:1    | Found Pel Meipt's Armour Emporium.
 40156 | Elf:1    | Learned a level 2 spell: Passwall
 40314 | Elf:1    | Noticed Aizul
 40323 | Elf:1    | Killed Aizul
 40385 | Elf:1    | Reached skill level 3 in Summonings
 40472 | Elf:1    | Reached skill level 10 in Invocations
 40572 | Elf:1    | Identified the +0 shield of the Wary Wonders {MR+} (You took it off a deep elf high priest on level 1 of the Elven Halls)
 40730 | Elf:2    | Reached skill level 15 in Throwing
 40831 | Elf:2    | Found a runed gate.
 40831 | Elf:2    | Found a runed gate.
 40832 | Elf:2    | Found a runed gate.
 40933 | Elf:2    | Reached XP level 22. HP: 218/226 MP: 31/31
 40950 | Elf:2    | Reached skill level 4 in Summonings
 41299 | Elf:3    | Entered Level 3 of the Elven Halls
 41346 | Elf:3    | Found a flickering gateway to a bazaar.
 41758 | Bazaar   | Entered a bazaar
 41770 | Bazaar   | Found Voulitan's Book Shop.
 41784 | Bazaar   | Found Ywka Oto's Book Shoppe.
 41799 | Bazaar   | Found Nyrij's General Store.
 41819 | Bazaar   | Found Xesig's Armour Shoppe.
 41842 | Bazaar   | Found Tocuntou's Assorted Antiques.
 41908 | Bazaar   | Bought a phantom mirror for 450 gold pieces
 41908 | Bazaar   | Bought a potion of heal wounds for 75 gold pieces
 42183 | Elf:3    | Reached skill level 11 in Invocations
 42246 | Elf:3    | Reached skill level 16 in Throwing
 42246 | Elf:3    | Reached skill level 5 in Summonings
 42353 | Elf:3    | Got a transparent granite ring
 42354 | Elf:3    | Identified the ring "Jaabueh" {+Fly rF+ rC+ Slay+2} (You took it off a deep elf death mage on level 3 of the Elven Halls)
 42848 | Elf:3    | Reached skill level 1 in Transmutations
 42887 | Elf:3    | Reached skill level 12 in Invocations
 42926 | Elf:3    | Identified the +6 triple sword "Axuofa" {freeze, rElec rF- MR+++ Dex+7} (You took it off a deep elf demonologist on level 3 of the Elven Halls)
 42927 | Elf:3    | kek
 42958 | Elf:3    | why are there 3 master archers
 42958 | Elf:3    | it's cheating
 42962 | Elf:3    | Reached skill level 2 in Transmutations
 43030 | Elf:3    | Identified the Disquisition on Frigorific Ignition
 43126 | Elf:3    | Identified the Collected Works on Supportive Orientation
 43160 | Elf:3    | Identified the +6 whip "Suobbemm" {venom, MR+ Str+4 Stlth+} (You took it off a deep elf elementalist on level 3 of the Elven Halls)
 43479 | Depths:1 | Found Pepis's Magic Scroll Boutique.
 43482 | Depths:1 | Bought a scroll of blinking for 127 gold pieces
 43482 | Depths:1 | Bought a scroll of teleportation for 51 gold pieces
 43556 | Depths:1 | Reached skill level 17 in Throwing
 43840 | Depths:1 | Reached skill level 1 in Earth Magic
 43910 | Depths:2 | Noticed a golden dragon
 43938 | Depths:2 | Reached XP level 23. HP: 221/234 MP: 32/32
 43955 | Depths:2 | Killed a golden dragon
 43967 | Depths:2 | Reached skill level 2 in Earth Magic
 44048 | Depths:2 | Paralysed by a sphinx for 3 turns
 44363 | Depths:2 | Reached skill level 3 in Earth Magic
 44594 | Depths:3 | hmmmm
 44601 | Depths:3 | Reached skill level 18 in Throwing
 44635 | Depths:3 | Reached skill level 4 in Earth Magic
 44841 | Depths:3 | Found a one-way gate leading to the halls of Pandemonium.
 44925 | Depths:3 | Reached skill level 12 in Dodging
 45513 | Depths:4 | Reached skill level 6 in Summonings
 45814 | Depths:4 | Found a gateway to a ziggurat.
 45818 | Depths:4 | Paralysed by a giant eyeball for 3 turns
 45826 | Depths:4 | Paralysed by a giant eyeball for 2 turns
 45834 | Depths:4 | Paralysed by a giant eyeball for 4 turns
 45841 | Depths:4 | Noticed a golden dragon
 45856 | Depths:4 | Killed a golden dragon
 45856 | Depths:4 | Reached XP level 24. HP: 221/243 MP: 15/32
 45882 | Depths:4 | Reached skill level 13 in Dodging
 45918 | Depths:4 | Found a one-way gate to the infinite horrors of the Abyss.
 46168 | Depths:4 | Noticed a caustic shrike
 46180 | Depths:4 | Killed a caustic shrike
 46250 | Depths:4 | Reached skill level 7 in Summonings
 46256 | Depths:4 | Reached skill level 19 in Maces & Flails
 46658 | Depths:5 | Entered Level 5 of the Depths
 46695 | Depths:5 | Reached skill level 1 in Hexes
 46763 | Depths:5 | Found a sparkling altar of Nemelex Xobeh.
 46804 | Depths:5 | Reached skill level 14 in Dodging
 46830 | Depths:5 | Identified the cursed ring "Qaimask" {Str+6 Dex-3} (You found it on level 5 of the Depths)
 46872 | Depths:5 | Noticed Saint Roka
 46887 | Depths:5 | Killed Saint Roka
 47084 | Depths:5 | Found a hazy altar of Hepliaklqana.
 47134 | Depths:5 | Identified the ring of Moodiness {rC++ Int+4} (You found it on level 5 of the Depths)
 47223 | Depths:5 | Paralysed by a giant eyeball for 3 turns
 47256 | Depths:5 | Noticed Margery
 47264 | Depths:5 | Reached skill level 8 in Summonings
 47274 | Depths:5 | Killed Margery
 47311 | Depths:5 | Identified the ring of Vehumet's Fury {rF+ rC++ MR++} (You took it off a deep elf knight on level 5 of the Depths)
 47343 | Depths:5 | Found a hide-covered altar of Uskayaw.
 47410 | Depths:5 | Reached skill level 15 in Dodging
 47496 | Depths:5 | Reached XP level 25. HP: 219/250 MP: 32/32
 47612 | Depths:5 | Reached skill level 20 in Maces & Flails
 47633 | Depths:5 | Found a gate to the Realm of Zot.
 47719 | Depths:5 | Learned a level 8 spell: Controlled Blink
 47735 | Depths:5 | Reached skill level 3 in Translocations
 48196 | Vaults:5 | Entered Level 5 of the Vaults
 48210 | Vaults:4 | Reached skill level 4 in Translocations
 48313 | Vaults:5 | Reached skill level 9 in Summonings
 48388 | Vaults:5 | Reached skill level 8 in Armour
 48388 | Vaults:5 | Reached skill level 5 in Translocations
 48546 | Vaults:5 | Got a silver rune of Zot
 48600 | Vaults:5 | Identified the ring of Kiabbe {Str+6 Stlth+} (You took it off a tengu reaver on level 5 of the Vaults)
 48649 | Vaults:5 | Reached skill level 6 in Translocations
 48869 | Vaults:5 | Reached skill level 7 in Translocations
 48956 | Vaults:5 | Reached skill level 9 in Armour
 49059 | Vaults:5 | Reached XP level 26. HP: 95/259 MP: 31/32
 49066 | Vaults:5 | Reached skill level 10 in Summonings
 49209 | Vaults:5 | Reached skill level 8 in Translocations
 49351 | Vaults:5 | Identified Wiamerr's Collected Works on the Frostbite and Lightness
 49750 | Slime:1  | Entered Level 1 of the Pits of Slime
 49946 | Slime:4  | Reached skill level 7 in Spellcasting
 49987 | Slime:5  | Entered Level 5 of the Pits of Slime
 50039 | Slime:5  | Found a viscous altar of Jiyva.
 50047 | Slime:5  | Noticed the Royal Jelly
 50063 | Slime:5  | Killed the Royal Jelly
 50063 | Slime:5  | Reached skill level 9 in Translocations
 50089 | Slime:5  | Reached skill level 10 in Armour
 50089 | Slime:5  | Reached skill level 8 in Spellcasting
 50132 | Slime:5  | Got a slimy rune of Zot
 50176 | Slime:5  | Identified the Volume of Dusty Transmutation
 50227 | Slime:5  | Identified the ring "Wakh" {Dex+3 Stlth+} (You found it on level 5 of the Pits of Slime)
 50756 | Zot:1    | Entered Level 1 of the Realm of Zot
 50904 | Zot:2    | Noticed a shard shrike
 50908 | Zot:2    | Killed a shard shrike
 50908 | Zot:2    | Reached skill level 10 in Translocations
 50998 | Zot:3    | Reached skill level 9 in Spellcasting
 51099 | Zot:5    | Entered Level 5 of the Realm of Zot
 51101 | Zot:5    | huh
 51267 | Zot:5    | Reached skill level 11 in Translocations
 51267 | Zot:5    | Reached XP level 27. HP: 266/266 MP: 35/36
 51308 | Zot:5    | Noticed an ancient lich
 51319 | Zot:5    | Killed an ancient lich
 51319 | Zot:5    | Reached skill level 10 in Spellcasting
 51390 | Zot:5    | Reached skill level 11 in Armour
 51407 | Zot:5    | the Killer Klown is devoured by a tear in reality.
 51493 | Zot:5    | Noticed an ancient lich
 51572 | Zot:5    | Reached skill level 12 in Translocations
 51579 | Zot:5    | Reached skill level 11 in Spellcasting
 51588 | Zot:5    | Got the Orb of Zot
 51597 | Zot:5    | Noticed an orb of fire
 51626 | Zot:5    | HP: 7/266 [electric golem/bolt of lightning (34)]
 51636 | Zot:5    | HP: 13/266 [electric golem/bolt of lightning (22)]
 51637 | Zot:5    | Killed from afar by an orb of fire

Vault maps used:
D:1:      scummos_arrival_checkerplants, hangedman_abyss_or_decor_stabs
D:3:      minmay_roachtagon, first_bread, serial_glass, glass_columns_a,
          glass_columns_b
D:4:      minmay_hollow_rounded_squares
D:7:      minivault_5, the_bakery, moated_statue, uniq_joseph, uniq_pikel
D:8:      hangedman_cross_stitches, enter_ossuary_1, enter_bailey_3,
          minmay_holes
D:9:      basic_altar, xom_teletrap_fun
D:10:     argonaut_augean_stables, dpeg_oklobed_lair, grunt_tough_drop
D:11:     uniq_erolcha, uniq_psyche
D:12:     minmay_chopped_fan, david_orc_4, serial_shops, shop
D:13:     david_vaults_4, serial_shops, nicolae_shop_trees, basic_altar,
          fedhas_altar_2
D:14:     minmay_misc_feat_roman, roderic_malta_cross, basic_loot_grate_trap,
          spider_trap, guppyfry_shop_blood, uniq_kirke
D:15:     hangedman_depths_entry_try_elsewhere_first,
          portal_ice_cave_entry_pillars_2, minivault_19
Temple:   minmay_crystal_snake_temple
Lair:1:   lemuel_fruit_tree
Lair:2:   serial_bayou_pond_a
Lair:3:   swamp_mist
Lair:4:   nicolae_spider_entry_non_spiders
Lair:5:   slime_altar_1, grunt_megastairs_2, uniq_urug
Lair:6:   minmay_lair_end_enchanted_forest, grunt_megastairs_1
Swamp:1:  evilmike_swamp_ruin_house_1
Swamp:2:  evilmike_swamp_ruin_house_3, infiniplex_staircase_pool
Swamp:3:  evilmike_swamp_ruin_house_4, swamp_pool3
Swamp:4:  swamp_fiery, uniq_nikola
Spider:1: spider_trap
Spider:2: uniq_arachne
Spider:4: spider_rune_water, nicolae_spider_shape,
          hangedman_spider_tarantella_strand
Slime:2:  uniq_dissolution
Orc:1:    nicolae_orc_tapped_out
Orc:2:    st_orc_open, serial_shops, shop
Elf:1:    minmay_elf_arrival_plus, serial_shops, shop_fountains, orc_legates,
          grunt_ministairs_1, uniq_aizul
Elf:2:    grunt_ministairs_1, st_stairs_10
Elf:3:    nooodl_elf_gasket, serial_shops, bzr_in_the_mist
Vaults:1: nicolae_vaults_little_squares_5, nicolae_vaults_network_s,
          hangedman_vaults_corner, vaults_standard_mumra_enter_the_diamond,
          v_alt_pattern_1, nicolae_vaults_little_squares_3,
          ontoclasm_vaults_decontamination, hangedman_vaults_trim
Vaults:2: v_misc_15, ontoclasm_vaults_gateway, grunt_vaults_hallway_short,
          vaults_room_hallway, ontoclasm_vaults_loading_screen,
          vaults_room_hangedman_quadrants, serial_shops, shop, uniq_sojobo
Vaults:3: hangedman_vaults_restitches, ontoclasm_vaults_pinch,
          hangedman_vaults_stitches, ontoclasm_vaults_hangar,
          hangedman_vaults_nails, nicolae_vaults_little_ls,
          blue_anna_dwarven_crypt, hangedman_vaults_restitches,
          nicolae_vaults_diagonal_hallway_7, v_rooms_3, dpeg_vaults_monster_box,
          v_misc_8, uniq_mennas, uniq_jory
Vaults:4: vaults_dpeg_diagonal, v_alt_pattern_4, vaults_standard_mumra_lines,
          nicolae_vaults_fighting_squares, vaults_dpeg_doors, v_rooms_5,
          vaults_dpeg_ring, v_misc_27, v_misc_31, ontoclasm_vaults_ligature,
          grunt_vaults_hallway_long, vaults_room_pool, ontoclasm_vaults_chip,
          vaults_standard_mumra_x, serial_ice_b, serial_shops,
          nicolae_shop_crystal, shop, shop, shop_statue, shop_coins
Depths:1: hangedman_decor_growths, hell_entry, serial_shops,
          nicolae_shop_window_shopping, kilobyte_mutagenic_chamber,
          minmay_shop_grove
Depths:2: hangedman_arch_fort, hell_entry, dk_noncrumbling_4,
          corexii_leaking_fountain
Depths:3: kennysheep_cluttered_fort, grunt_metal_band, special_room, pan_entry,
          grunt_megastairs_3
Depths:4: minmay_diamond_stairs, enter_ziggurat_c, hell_entry, abyss_entry,
          grunt_pan_entry_zigzag, hangedman_decor_opposing
Depths:5: hangedman_spin_cycle, hell_entry, abyss_entry, serial_shops,
          uniq_saint_roka
Zot:1:    st_stairs_11, grunt_ministairs_1
Zot:2:    hangedman_elemental_grid_stream
Zot:3:    grunt_deathspiral_small
Zot:4:    grunt_ministairs_2
Bazaar:   bazaar_jpeg_ninerooms_1
Ossuary:  ossuary_boxes_badplayer
Bailey:   bailey_polearm_5, bailey
IceCv:    ice_cave_statue_garden_teleport

Skill      XL: |  1  2  3  4  5  6  7  8  9 10 11 12 13 14 15 16 17 18 19 20 21 22 23 24 25 26 27 |
---------------+----------------------------------------------------------------------------------+-----
Fighting       | 2 3 4 6 8 10 12 13 14 21 | 21.0
Maces & Flails | 1 3 5 7 10 12 13 14 17 18 19 20 | 20.0
Shields        | 5 6 8 9 10 11 12 13 14 15 | 15.0
Dodging        | 5 7 9 10 11 12 15 | 15.3
Throwing       | 5 8 10 11 12 13 15 17 18 | 18.4
Invocations    | 5 8 10 12 | 12.1
Armour         | 2 3 7 9 10 11 | 11.4
Evocations     | 5 7 8 |  8.5
Charms         | 1 4 6 |  6.3
Necromancy     | 3 5 6 |  6.0
Spellcasting   | 6 9 11 | 11.0
Translocations | 1 2 7 11 12 | 12.1
Summonings     | 3 5 6 8 9 10 | 10.1
Transmutations | 2 |  2.2
Earth Magic    | 1 4 |  4.2
Hexes          | 1 |  1.1
Stealth        | |  1.5

Action                   |  1- 3 |  4- 6 |  7- 9 | 10-12 | 13-15 | 16-18 | 19-21 | 22-24 | 25-27 || total
-------------------------+-------+-------+-------+-------+-------+-------+-------+-------+-------++-------
Melee: Unarmed           |    12 |       |       |       |       |       |       |       |       ||    12
       Short sword       |    49 |    39 |       |       |       |       |       |       |       ||    88
       Whip              |       |   144 |       |       |       |       |       |       |       ||   144
       Flail             |       |    95 |   465 |    32 |       |       |       |       |       ||   592
       Demon whip        |       |       |       |   658 |   685 |  1486 |  1248 |  1218 |   909 ||  6204
       Kick              |       |       |       |       |       |       |   198 |   555 |   495 ||  1248
 Fire: Greatsling        |       |       |       |     5 |       |       |       |       |       ||     5
Throw: Tomahawk          |       |       |       |    10 |     9 |     4 |       |       |       ||    23
       Large rock        |       |       |       |       |       |    15 |    48 |    23 |    47 ||   133
       Throwing net      |       |       |       |       |       |     1 |       |       |     2 ||     3
 Cast: Pain              |    51 |    14 |       |       |       |       |       |       |       ||    65
       Animate Skeleton  |     4 |       |       |       |       |       |       |       |       ||     4
       Regeneration      |       |       |       |       |       |     1 |     1 |    19 |    21 ||    42
       Repel Missiles    |       |       |       |       |       |       |     1 |     5 |     5 ||    11
       Apportation       |       |       |       |       |       |       |       |       |    16 ||    16
       Control Undead    |       |       |       |       |       |       |       |       |     2 ||     2
       Blink             |       |       |       |       |       |       |       |       |     1 ||     1
Invok: Recall Ancestor   |       |       |       |     1 |       |     5 |     6 |     1 |     6 ||    19
       Ancestor Life: Ba |       |       |       |     1 |       |       |       |       |       ||     1
       Idealise          |       |       |       |       |       |     8 |     6 |     4 |     5 ||    23
Evoke: Wand              |       |       |       |       |     9 |    11 |    10 |     1 |     8 ||    39
       Sack of spiders   |       |       |       |       |       |       |     1 |       |       ||     1
       Rod               |       |       |       |       |       |       |     1 |       |       ||     1
       Lamp of fire      |       |       |       |       |       |       |       |     4 |     3 ||     7
       Phantom mirror    |       |       |       |       |       |       |       |       |     2 ||     2
  Use: Scroll            |       |    10 |     4 |    24 |    12 |    14 |    13 |    14 |    23 ||   114
       Potion            |       |     1 |     9 |       |     3 |     4 |    11 |     6 |    14 ||    48
 Stab: Sleeping          |       |     1 |     2 |    14 |     1 |       |       |       |       ||    18
       Distracted        |       |       |     2 |     6 |    11 |    16 |    16 |    18 |    19 ||    88
       Held in net/web   |       |       |       |       |       |     1 |       |       |     3 ||     4
       Invisible         |       |       |       |       |       |     9 |       |       |       ||     9
       Paralysed         |       |       |       |       |       |       |     3 |       |       ||     3
  Eat: Chunk             |     2 |    11 |    10 |    21 |    14 |    13 |    18 |    15 |     2 ||   106
       Bread ration      |       |       |     2 |       |       |       |       |       |     2 ||     4
       Beef jerky        |       |       |       |     1 |     2 |     8 |       |     1 |       ||    12
       Royal jelly       |       |       |       |     1 |       |       |       |       |     2 ||     3
       Pizza             |       |       |       |       |       |     3 |     2 |       |     1 ||     6
       Fruit             |       |       |       |       |       |     8 |     6 |     9 |       ||    23
Armor: Robe              |    35 |    50 |    33 |       |       |       |       |       |       ||   118
       Mottled dragon ar |       |       |    13 |    74 |   102 |   309 |    87 |   106 |    76 ||   767
Dodge: Dodged            |    64 |   142 |   102 |   136 |   122 |   460 |   176 |   228 |   188 ||  1618
       Deflected         |       |       |       |       |       |       |     3 |    13 |     9 ||    25
Block: Shield            |       |       |   175 |   267 |   243 |       |       |       |       ||   685
       Large shield      |       |       |       |       |    86 |  1248 |   741 |   761 |   546 ||  3382
       Reflection        |       |       |       |       |    10 |     2 |       |       |       ||    12
